 Dungeon Crawl Stone Soup version 0.24-a0-487-g57318f2 (webtiles) character file.

Game seed: 5380421819801660459

28 Fortuna the Covered (level 2, -7/27 HPs)
             Began as a Minotaur Fighter on July 10, 2019.
             Killed from afar by an orc wizard (8 damage)
             ... with a magic dart
             ... on level 2 of the Dungeon.
             The game lasted 00:02:18 (1035 turns).

Fortuna the Covered (Minotaur Fighter)              Turns: 1035, Time: 00:02:19

Health: -7/27      AC:  9    Str: 20    XL:     2   Next: 96%
Magic:  1/1        EV:  5    Int:  5    God:
Gold:   168        SH:  9    Dex:  9    Spells: 1/1 levels left

rFire    . . .     SeeInvis .   a - +0 flail
rCold    . . .     Gourm    .   c - +0 shield
rNeg     . . .     Faith    .   m - +0 chain mail
rPois    .         Spirit   .   (helmet restricted)
rElec    .         Reflect  .   i - scarf {repulsion}
rCorr    .         Harm     .   (no gloves)
MR       .....                  (no boots)
Stlth    ..........             (no amulet)
HPRegen  0.09/turn              (no ring)
MPRegen  0.07/turn              (no ring)

@: slowed, repel missiles, very slow
A: retaliatory headbutt, horns 2
a: no special abilities


You were on level 2 of the Dungeon.
You were not hungry.

You visited 1 branch of the dungeon, and saw 2 of its levels.

You collected 168 gold pieces.

Inventory:

Hand Weapons
 a - a +0 flail (weapon)
Armour
 c - a +0 shield (worn)
 i - a scarf of repulsion (worn)
 m - a +0 chain mail (worn)
Scrolls
 b - a scroll of enchant weapon {unknown}
 h - a scroll of remove curse {unknown}
 j - a scroll of identify {unknown}
Potions
 d - 3 potions of might
 e - 2 potions of agility {unknown}
 k - 2 potions of invisibility {unknown}
 l - a potion of curing {unknown}
Comestibles
 f - 2 rations
 g - 7 chunks of flesh


   Skills:
 + Level 4.0 Fighting
 + Level 3.0 Maces & Flails
 + Level 4.0 Armour
 + Level 4.0 Shields


You had one spell level left.
You didn't know any spells.
Your spell library was empty.

Dungeon Overview and Level Annotations

Branches:
Dungeon (2/15)

Altars:


Innate Abilities, Weirdness & Mutations

You reflexively headbutt those who attack you in melee.
You have a pair of horns on your head.


Message History

The orc wizard hits you but does no damage.
The orc barely misses you.
The orc wizard hits you but does no damage.
You block the orc's attack. The orc wizard casts a spell at you.
The magic dart hits you!
You miss the orc wizard.
The orc wizard is moderately wounded.
The orc wizard hits you but does no damage.
The orc hits you but does no damage. You block the orc wizard's attack.
The orc hits you with a +0 flail!
* * * LOW HITPOINT WARNING * * *
You closely miss the orc wizard.
The orc wizard is moderately wounded.
The orc wizard hits you with a +0 dagger.
* * * LOW HITPOINT WARNING * * *
The orc wizard hits you but does no damage.
The orc wizard points at you and mumbles some strange words.
The magic dart hits you!
You die...

#. #.######
oo....#####.#
#..........
#..# ##.##
#.o# ##@#
#o## .# #..#
.# ##.# .#
#.####.##.##
#..........#
#######.#..#
#######
#....#
#......
##...#.#
#.#####


You could see an orc wizard and an orc.

Vanquished Creatures
  A dart slug (D:2)
  An orc (D:2)
  4 bats
  3 giant cockroaches (D:1)
  A goblin (D:1)
  3 hobgoblins (D:2)
  3 jackals (D:2)
  A quokka (D:2)
  A ball python (D:1)
  A frilled lizard (D:2)
  A kobold (D:1)
  2 rats (D:1)
  A fungus (D:1)
23 creatures vanquished.

Vanquished Creatures (others)
  4 toadstools (D:1)
4 creatures vanquished.

Grand Total: 27 creatures vanquished

Notes
Turn   | Place    | Note
-------+----------+-------------------------------------------
     0 | D:1      | Fortuna the Minotaur Fighter began the quest for the Orb.
     0 | D:1      | Reached XP level 1. HP: 19/19 MP: 0/0
   513 | D:1      | Reached XP level 2. HP: 27/27 MP: 1/1
  1035 | D:2      | HP: 1/27 [orc wizard/+0 dagger (1)]
  1035 | D:2      | Killed from afar by an orc wizard

Levels and vault maps discovered:
D:1:      dpeg_arrival_boxes_within_box, layout_basic, serial_park_tiny_1,
          minmay_gold_behind_fungi, minmay_misc_feat_rows, st_stairs_5
D:2:      layout_basic, grunt_dithmenos_smoke, okawaru_gym_becter,
          chequers_ecumenical_altar_simple, minivault_14, minmay_small_reverse_x

Skill      XL: |  1  2 |
---------------+-------+-----
Armour         | 4 |  4.0
Fighting       | 4 |  4.0
Shields        | 4 |  4.0
Maces & Flails | 3 |  3.0

Action                   || total
-------------------------++-------
Melee: Flail             ||    66
       Headbutt          ||    12
Armor: Scale mail        ||    19
       Chain mail        ||    22
Dodge: Dodged            ||    14
       Deflected         ||     1
Block: Shield            ||    32

Table legend:
 A = Non-vault XP
 B = Vault XP
 C = Vault XP percentage of total XP
 D = Non-vault monster count
 E = Vault monster count
 F = Vault count percentage of total count
                 A         B        C        D         E       F
            +---------+---------+-------+---------+---------+-------
      Total |      37 |       3 |   7.5 |      20 |       2 |   9.1
            +---------+---------+-------+---------+---------+-------
        D:1 |      13 |       3 |  18.8 |       9 |       2 |  18.2
        D:2 |      24 |       0 |   0.0 |      11 |       0 |   0.0
            +---------+---------+-------+---------+---------+-------
